 Dungeon Crawl Stone Soup version 0.24-a0-549-g45f0056d81 (webtiles) character file.

Game seed: 10806264436492989150

70597 DasRunzen the Severer (level 14, -17/132 HPs)
             Began as a Minotaur Fighter on Aug 19, 2019.
             Was the Champion of Okawaru.
             Demolished by an orc warrior
             ... wielding a +0 long sword
              (28 damage)
             ... on level 1 of the Orcish Mines.
             The game lasted 00:49:06 (16338 turns).

DasRunzen the Severer (Minotaur Fighter)           Turns: 16338, Time: 00:49:07

Health: -17/132    AC: 19    Str: 27    XL:     14   Next: 94%
Magic:  21/21      EV: 12    Int:  8    God:    Okawaru [******]
Gold:   1809       SH:  0    Dex: 13    Spells: 13/13 levels left

rFire    . . .     SeeInvis +   p - +5 executioner's axe of the Reaper {chop, rN++ Int+3}
rCold    + . .     Gourm    .   (shield currently unavailable)
rNeg     + + .     Faith    +   W - +3 ring mail of Hedging {rC+}
rPois    .         Spirit   .   (helmet unavailable)
rElec    +         Reflect  .   I - +2 cloak
rCorr    .         Harm     .   L - +1 pair of gloves {Str+3}
MR       +....                  h - +0 pair of boots {Fly}
Stlth    +.........             n - amulet of faith
HPRegen  0.72/turn              F - ring of see invisible
MPRegen  0.17/turn              O - ring of the Leaf {+Inv rElec EV+2 Str+3}

@: flying
A: retaliatory headbutt, horns 3, regeneration 1, weak 1
a: Heroism, Finesse, Renounce Religion, Evoke Invisibility, Stop Flying


You were on level 1 of the Orcish Mines.
You worshipped Okawaru.
Okawaru was exalted by your worship.
You were hungry.

You visited 3 branches of the dungeon, and saw 19 of its levels.
You also visited: Ossuary and Gauntlet.

You collected 1809 gold pieces.

Inventory:

Hand Weapons
 p - the +5 executioner's axe of the Reaper (weapon) {chop, rN++ Int+3}
   (Okawaru gifted it to you on level 6 of the Lair of Beasts)

   It inflicts extra damage upon your enemies.
   It affects your intelligence (+3).
   It greatly protects you from negative energy.
 s - the +1 war axe of Disaster {flame, rElec Int+3 Dex+3}
   (You found it on level 4 of the Dungeon)

   It has been specially enchanted to burn those struck by it, causing extra
   injury to most foes and up to half again as much damage against particularly
   susceptible opponents.
   Big, fiery blades are also staple armaments of hydra-hunters.
   It affects your intelligence (+3).
   It affects your dexterity (+3).
   It insulates you from electricity.
 J - the +6 long sword of the Warrior-Mage {drain, *Slow rElec rPois Dex+4}
   (You found it on level 10 of the Dungeon)

   A truly terrible weapon, it drains the life of those it strikes.
   It affects your dexterity (+4).
   It insulates you from electricity.
   It protects you from poison.
   It may slow you when you take damage.
 K - the +6 war axe of Xarops {protect, Str+4}
   (You found it on level 5 of the Lair of Beasts)

   It grants its wielder temporary protection when it strikes (+7 to AC).
   It affects your strength (+4).
 S - the +5 hand axe of Defence by Offence {vamp, MR+}
   (You found it on level 1 of the Lair of Beasts)

   It inflicts no extra harm, but heals its wielder when it wounds a living foe.
   It affects your resistance to hostile enchantments.
Armour
 c - a +2 shield
 h - a +0 pair of boots of flying (worn)
 I - a +2 cloak (worn)
 L - a +1 pair of gloves of strength (worn)
 W - the +3 ring mail of Hedging (worn) {rC+}
   (Okawaru gifted it to you on level 3 of the Lair of Beasts)

   It protects you from cold.
Jewellery
 n - an amulet of faith (around neck)
 F - a ring of see invisible (left hand)
 N - an uncursed ring of poison resistance {unknown}
 O - the ring of the Leaf (right hand) {+Inv rElec EV+2 Str+3}
   (You found it in a Gauntlet)

   [ring of evasion]

   It affects your evasion (+2).
   It affects your strength (+3).
   It insulates you from electricity.
   It lets you turn invisible.
 P - the ring "Winiatob" {rN++ AC+3 Int-3 SInv}
   (You took it off a minotaur in a Gauntlet)

   [ring of protection]

   It affects your AC (+3).
   It affects your intelligence (-3).
   It greatly protects you from negative energy.
   It lets you see invisible.
 R - an uncursed ring of protection from magic {unknown}
 T - an uncursed ring of protection from fire {unknown}
 U - a cursed -5 ring of intelligence {unknown}
Wands
 a - a wand of flame (56)
 r - a wand of polymorph (20)
 u - a wand of acid (19)
 v - a wand of scattershot (6)
 x - a wand of iceblast (14)
 H - a wand of digging (11)
 M - a wand of paralysis (16)
Scrolls
 b - a scroll of enchant armour
 l - 8 scrolls of teleportation
 m - 3 scrolls of magic mapping
 o - 5 scrolls of fear
 y - 4 scrolls of fog
 C - 8 scrolls of enchant weapon
 D - 4 scrolls of remove curse
 X - a scroll of identify
Potions
 d - 5 potions of might
 e - 9 potions of curing
 i - 2 potions of berserk rage
 j - a potion of resistance
 k - 5 potions of heal wounds
 t - a potion of invisibility
 w - 3 potions of haste
 A - 4 potions of ambrosia
 E - a potion of cancellation {unknown}
 Q - 2 potions of magic {unknown}
Comestibles
 f - 45 rations


   Skills:
 + Level 14.0 Fighting
 - Level 9.7 Long Blades
 + Level 17.1 Axes
 + Level 14.0 Armour
 + Level 14.0 Shields
 + Level 10.9 Invocations


You had 13 spell levels left.
You didn't know any spells.
Your spell library contained the following spells:

 Spells                   Type           Power        Failure   Level  Hunger
 Apportation              Tloc           #.....       50%         1    ##.....
 Confusing Touch          Hex            #.....       50%         1    ##.....
 Corona                   Hex            #......      50%         1    ##.....
 Flame Tongue             Conj/Fire      #....        50%         1    ##.....
 Infusion                 Chrm           #...         50%         1    ##.....
 Shock                    Conj/Air       #...         50%         1    ##.....
 Summon Butterflies       Summ           #.......     50%         1    ##.....
 Blink                    Tloc           N/A          65%         2    ###....
 Shroud of Golubria       Chrm/Tloc      #.....       65%         2    ###....
 Slow                     Hex            #.......     65%         2    ###....
 Song of Slaying          Chrm           #.......     65%         2    ###....
 Swiftness                Chrm/Air       #.......     65%         2    ###....
 Confuse                  Hex            #.......     86%         3    ####...
 Conjure Flame            Conj/Fire      #.......     86%         3    ####...
 Gell's Gravitas          Tloc           #.........   86%         3    ####...
 Inner Flame              Hex/Fire       #.......     86%         3    ####...
 Lesser Beckoning         Tloc           #.........   86%         3    ####...
 Portal Projectile        Hex/Tloc       #.....       86%         3    ####...
 Regeneration             Chrm/Necr      #.........   86%         3    ####...
 Spectral Weapon          Hex/Chrm       #.......     86%         3    ####...
 Static Discharge         Conj/Air       #.......     86%         3    ####...
 Teleport Other           Tloc           #.......     86%         3    ####...
 Tukima's Dance           Hex            #.......     86%         3    ####...
 Airstrike                Air            #.........   99%         4    #####..
 Cause Fear               Hex            #.........   99%         4    #####..
 Leda's Liquefaction      Hex/Erth       #.........   99%         4    #####..
 Passage of Golubria      Tloc           N/A          99%         4    #####..
 Petrify                  Tmut/Erth      #.......     99%         4    #####..
 Alistair's Intoxication  Tmut/Pois      #.......     100%        5    ######.
 Bolt of Magma            Conj/Fire/Erth #.........   100%        5    ######.
 Borgnjor's Vile Clutch   Necr/Erth      #.........   100%        5    ######.
 Lightning Bolt           Conj/Air       #.........   100%        5    ######.
 Metabolic Englaciation   Hex/Ice        #.........   100%        5    ######.
 Yara's Violent Unravell  Hex/Tmut       #.........   100%        5    ######.
 Bolt of Fire             Conj/Fire      #.........   100%        6    #######
 Invisibility             Hex            #.......     100%        6    #######
 Dragon Form              Tmut           #.........   100%        7    #######
 Dragon's Call            Summ           #.........   100%        9    #######


Dungeon Overview and Level Annotations

Branches:
Dungeon (12/15)            Temple (0/1) D:6            Lair (6/6) D:9
 Shoals (0/4) Lair:4       Spider (0/4) Lair:4        Slime (0/5) Lair:5
    Orc (1/2) D:12

Altars:
Ashenzari
Makhleb
Nemelex Xobeh
Okawaru
Qazlal
Ru
Sif Muna
Trog

Shops:
D:10 *

Portals:
Trove: D:10 (give 3 potions of resistance)

Annotations:
Lair:3 exclusion: 2 oklob plants


Innate Abilities, Weirdness & Mutations

You reflexively headbutt those who attack you in melee.
You have a pair of large horns on your head.
Your natural rate of healing is unusually fast.
You are weak. (Str -2)


Message History

You are too injured to fight recklessly!
Unknown command.
You are too injured to fight recklessly!
You are too injured to fight recklessly!
Unknown command.
You closely miss the orc warrior. You hit the orc warrior.
You closely miss the orc.
The orc warrior no longer looks unusually strong.
The orc hits you but does no damage.
The orc warrior hits you with a +0 long sword!!
* * * LOW HITPOINT WARNING * * *
The orc warrior hits you with a +0 short sword.
* * * LOW HITPOINT WARNING * * *
You hear a shout!
You closely miss the orc warrior. You slash the orc!
You kill the orc!
Okawaru accepts your kill.
You hit the orc warrior.
The orc warrior hits you with a +0 long sword!!
You die...

.##.. #.............
##..........#..
#....$......... #
#.#........... .###
######.....>......
...####.#.#))...........
.... #......)....o......
...####........)@o......
....#..........).)......
..............>......#..
.))...#.##............#
.)))######......###..##
....# #.....### #.#
##.##.##......# ..#
#............## ##
.......#..


You could see 2 orc warriors.

Vanquished Creatures
  Gastronok (Lair:1)
  Nessos (D:12)
  A minotaur (Gauntlet)
  The ghost of feelmyfire the Slicer, a journeyman HaAr of Uskayaw (Lair:1)
  3 hydras
  An alligator (Lair:6)
  2 two-headed ogres (D:12)
  8 death yaks
  Urug (D:11)
  2 unseen horrors
  An orc knight (Orc:1)
  2 deep elf magi (D:12)
  An orc sorcerer (Orc:1)
  2 ugly things
  4 cyclopes
  A wolf spider (D:12)
  6 black mambas
  6 elephants (Lair:6)
  24 spiny frogs
  A gargoyle (D:11)
  A torpor snail (Gauntlet)
  A rime drake (Lair:5)
  3 kobold demonologists (D:11)
  2 centaur skeletons
  7 komodo dragons
  2 trolls (D:11)
  3 meliai (Gauntlet)
  5 tyrant leeches (Lair:6)
  A polar bear (Lair:6)
  Grinder (D:5)
  4 dream sheep (Lair:5)
  4 slime creatures
  9 hippogriffs
  32 blink frogs
  A shadow (D:12)
  76 yaks
  A redback (Lair:4)
  A wyvern (D:10)
  A wraith (D:12)
  2 hungry ghosts
  6 vampire mosquitoes (Lair:6)
  A basilisk (D:9)
  A warg (Orc:1)
  9 water moccasins
  7 porcupines
  4 sky beasts
  6 orc warriors
  4 ice beasts
  3 black bears
  3 necrophages
  5 ogres
  9 wolves
  3 centaurs
  14 crocodiles
  2 big kobolds
  3 elf zombies (Ossuary)
  29 bullfrogs
  A gnoll sergeant (D:7)
  A water moccasin zombie (D:6)
  A water moccasin skeleton (D:7)
  5 scorpions
  14 killer bees
  13 wights
  5 howler monkeys
  7 crimson imps
  3 bullfrog zombies
  5 jellies
  A wyvern simulacrum (Gauntlet)
  2 human zombies (Ossuary)
  3 iron imps (D:8)
  6 hounds
  8 orc priests
  Crazy Yiuf (D:7)
  A centaur zombie (D:9)
  7 orc wizards
  2 bullfrog skeletons (D:11)
  Jessica (D:3)
  5 iguanas
  9 hell rats (Lair:2)
  10 worker ants
  2 bullfrog simulacra (Gauntlet)
  2 hound skeletons
  2 hound zombies (Ossuary)
  The ghost of mokwee the Magician, a weakling DEWz of Sif Muna (D:4)
  4 mummies (Ossuary)
  2 worker ant zombies
  10 gnolls
  11 adders
  15 river rats (Lair:2)
  A shadow imp (D:7)
  2 oozes
  An adder zombie (D:7)
  An adder skeleton (D:6)
  5 worms
  3 dart slugs
  5 leopard geckos
  37 orcs
  2 giant cockroaches
  5 goblins
  5 hobgoblins
  11 jackals
  12 quokkas
  A ball python (D:2)
  6 bats
  5 frilled lizards
  A gnoll zombie (Ossuary)
  A hobgoblin zombie (Ossuary)
  A jackal skeleton (D:6)
  11 kobolds
  2 orc zombies (Ossuary)
  A quokka skeleton (D:7)
  13 rats
  2 rat zombies
  6 fungi
  9 plants (Lair:6)
644 creatures vanquished.

Vanquished Creatures (others)
  8 fungi
  19 plants (Lair:6)
27 creatures vanquished.

Grand Total: 671 creatures vanquished

Notes
Turn   | Place    | Note
-------+----------+-------------------------------------------
     0 | D:1      | DasRunzen the Minotaur Fighter began the quest for the Orb.
     0 | D:1      | Reached XP level 1. HP: 19/19 MP: 0/0
   138 | D:1      | Reached XP level 2. HP: 25/27 MP: 1/1
   767 | D:2      | Reached skill level 3 in Axes
   791 | D:2      | Found a sacrificial altar of Ru.
   912 | D:2      | Reached XP level 3. HP: 33/33 MP: 2/2
  1631 | D:3      | Noticed an ice beast
  1639 | D:3      | Killed an ice beast
  1639 | D:3      | Reached XP level 4. HP: 20/41 MP: 1/3
  1639 | D:3      | Reached XP level 5. HP: 23/47 MP: 1/4
  1685 | D:3      | Reached skill level 4 in Axes
  1743 | D:3      | Reached skill level 5 in Armour
  1805 | D:3      | Noticed Jessica
  1812 | D:3      | Killed Jessica
  1812 | D:3      | Reached skill level 5 in Fighting
  1813 | D:3      | Reached skill level 5 in Shields
  1834 | D:3      | Found a shimmering blue altar of Sif Muna.
  1835 | D:3      | Found a sacrificial altar of Ru.
  2124 | D:4      | Reached XP level 6. HP: 23/56 MP: 2/5
  2512 | D:4      | Found a runed translucent door.
  2521 | D:4      | Noticed mokwee's ghost (weakling DEWz)
  2700 | D:4      | Got a bloodstained war axe
  2701 | D:4      | Identified the cursed +1 war axe of Disaster {flame, rElec
                  | Int+3 Dex+3} (You found it on level 4 of the Dungeon)
  3035 | D:4      | Killed mokwee's ghost
  3097 | D:5      | Entered Level 5 of the Dungeon
  3129 | D:5      | Found a shattered altar of Ashenzari.
  3130 | D:5      | Found a stormy altar of Qazlal.
  3141 | D:5      | Reached skill level 5 in Axes
  3182 | D:5      | Noticed a sky beast
  3189 | D:5      | Reached XP level 7. HP: 56/62 MP: 4/6
  3426 | D:5      | Noticed Grinder
  3441 | D:5      | Killed Grinder
  3441 | D:5      | Reached skill level 6 in Axes
  3441 | D:5      | Reached XP level 8. HP: 26/71 MP: 3/7
  3601 | D:5      | Found an iron altar of Okawaru.
  3604 | D:5      | Became a worshipper of Warmaster Okawaru
  3777 | D:6      | Found a staircase to the Ecumenical Temple.
  3832 | D:6      | Reached skill level 1 in Invocations
  3900 | D:6      | Reached * piety under Okawaru
  4041 | D:6      | Found a sparkling altar of Nemelex Xobeh.
  4155 | D:6      | Noticed a moth of wrath
  4158 | D:6      | Found a bloodstained altar of Trog.
  4163 | D:6      | Reached skill level 7 in Axes
  4249 | D:6      | Got a fine arbalest
  4253 | D:6      | Got a transparent rapier
  4265 | D:6      | Identified the cursed +2 rapier "Meup" {freeze, rPois} (You
                  | found it on level 6 of the Dungeon)
  4268 | D:6      | Identified the +3 arbalest "Etuus" {penet, rPois rF- rC+
                  | Str+6} (You found it on level 6 of the Dungeon)
  4577 | D:7      | Reached XP level 9. HP: 44/80 MP: 10/10
  4578 | D:7      | Found a sand-covered staircase.
  4601 | D:7      | Reached ** piety under Okawaru
  4729 | Ossuary  | Entered an ossuary
  4747 | Ossuary  | Reached skill level 8 in Axes
  5412 | D:7      | Reached *** piety under Okawaru
  5424 | D:7      | Reached skill level 9 in Axes
  6131 | D:7      | Found a runed translucent door.
  6132 | D:7      | Noticed Crazy Yiuf
  6140 | D:7      | Killed Crazy Yiuf
  6197 | D:8      | Reached XP level 10. HP: 79/90 MP: 12/12
  6234 | D:8      | Reached **** piety under Okawaru
  6242 | D:8      | Reached skill level 10 in Axes
  6243 | D:8      | Reached skill level 5 in Invocations
  6744 | D:8      | Found a burning altar of Makhleb.
  6800 | D:8      | Gained mutation: You are weak. (Str -2) [potion of
                  | mutation]
  6800 | D:8      | Gained mutation: You have a pair of large horns on your
                  | head. [potion of mutation]
  6800 | D:8      | Gained mutation: Your natural rate of healing is unusually
                  | fast. [potion of mutation]
  6974 | D:9      | Reached ***** piety under Okawaru
  6974 | D:9      | Reached skill level 11 in Axes
  7221 | D:9      | Reached skill level 10 in Armour
  7226 | D:9      | Reached skill level 10 in Fighting
  7226 | D:9      | Reached skill level 10 in Shields
  7230 | D:9      | Received a gift from Okawaru
  7244 | D:9      | Reached XP level 11. HP: 49/99 MP: 14/14
  7380 | D:9      | Found a staircase to the Lair.
  7863 | D:10     | Entered Level 10 of the Dungeon
  7871 | D:10     | Reached skill level 12 in Axes
  8251 | D:10     | Found Ovas's Lightly-Used Armoury.
  8279 | D:10     | Found a portal to a secret trove of treasure.
  8495 | D:10     | Got a pitted long sword
  8496 | D:10     | Identified the +6 long sword of the Warrior-Mage {drain,
                  | *Slow rElec rPois Dex+4} (You found it on level 10 of the
                  | Dungeon)
  8643 | D:11     | Noticed Urug
  8704 | D:11     | Noticed an unseen horror
  8714 | D:11     | Killed an unseen horror
  8714 | D:11     | Reached skill level 1 in Long Blades
  8756 | D:11     | Killed Urug
  8830 | D:11     | Received a gift from Okawaru
  8887 | D:11     | Noticed a sixfirhy
  8959 | D:11     | Reached skill level 13 in Axes
  9234 | D:11     | Noticed a brown ugly thing
  9244 | D:11     | Killed a brown ugly thing
  9320 | D:12     | Noticed a deep elf mage
  9326 | D:12     | Killed a deep elf mage
  9366 | D:12     | Reached XP level 12. HP: 110/110 MP: 16/16
  9408 | D:12     | Noticed a two-headed ogre
  9416 | D:12     | Killed a two-headed ogre
  9554 | D:12     | Received a gift from Okawaru
  9571 | D:12     | Noticed Nessos
  9572 | D:12     | Noticed a two-headed ogre
  9580 | D:12     | Killed a two-headed ogre
  9609 | D:12     | Killed Nessos
  9609 | D:12     | Reached ****** piety under Okawaru
  9609 | D:12     | Reached skill level 5 in Long Blades
  9627 | D:12     | Reached skill level 14 in Axes
  9798 | D:12     | Found a sparkling altar of Nemelex Xobeh.
  9855 | D:12     | Noticed a five-headed hydra
  9866 | D:12     | Killed a one-headed hydra
  9872 | D:12     | Received a gift from Okawaru
 10285 | D:12     | Found a staircase to the Orcish Mines.
 10440 | Lair:1   | Entered Level 1 of the Lair of Beasts
 10471 | Lair:1   | Found a gate leading to a gauntlet.
 10476 | Gauntlet | Entered a Gauntlet
 10476 | Gauntlet | Found a large runed translucent door.
 10476 | Gauntlet | Found a large runed translucent door.
 10476 | Gauntlet | Found a large runed translucent door.
 10476 | Gauntlet | Found a large runed translucent door.
 10476 | Gauntlet | Found a large runed translucent door.
 10476 | Gauntlet | Found a transporter.
 10476 | Gauntlet | Found a large runed translucent door.
 10476 | Gauntlet | Found a large runed translucent door.
 10476 | Gauntlet | Found a large runed translucent door.
 10476 | Gauntlet | Found a runed translucent door.
 10476 | Gauntlet | Found a runed translucent gate.
 10476 | Gauntlet | Found a runed translucent gate.
 10476 | Gauntlet | Found a transporter.
 10476 | Gauntlet | Found a transporter.
 10477 | Gauntlet | Found a runed translucent door.
 10477 | Gauntlet | Found a runed translucent gate.
 10482 | Gauntlet | Found a large runed translucent door.
 10482 | Gauntlet | Found a large runed translucent door.
 10482 | Gauntlet | Found a large runed translucent door.
 10482 | Gauntlet | Found a large runed translucent door.
 10483 | Gauntlet | Found a large runed translucent door.
 10483 | Gauntlet | Found a large runed translucent door.
 10484 | Gauntlet | Found a large runed translucent door.
 10484 | Gauntlet | Found a large runed translucent door.
 10498 | Gauntlet | Found a transporter.
 10514 | Gauntlet | Found a transporter.
 10517 | Gauntlet | Found a transporter.
 10538 | Gauntlet | Found a transporter.
 10551 | Gauntlet | Found a transporter.
 10571 | Gauntlet | Found a transporter.
 10574 | Gauntlet | Found a transporter.
 10575 | Gauntlet | Found a runed translucent door.
 10583 | Gauntlet | Found a transporter.
 10585 | Gauntlet | Found a transporter.
 10619 | Gauntlet | Noticed a queen ant
 10747 | Gauntlet | Received a gift from Okawaru
 10760 | Gauntlet | Noticed an entropy weaver
 10762 | Gauntlet | Noticed a ghost moth
 10762 | Gauntlet | an entropy weaver changed into a ghost moth
 10773 | Gauntlet | Got a slimy glass ring
 10774 | Gauntlet | Identified the ring of the Leaf {+Inv rElec EV+2 Str+3}
                  | (You found it in a Gauntlet)
 10790 | Gauntlet | Identified the ring "Winiatob" {rN++ AC+3 Int-3 SInv}
 10790 | Gauntlet | Noticed a minotaur
 10819 | Gauntlet | HP: 4/112 [minotaur (6)]
 10820 | Gauntlet | Killed a minotaur
 10820 | Gauntlet | Reached XP level 13. HP: 4/118 MP: 16/18
 11031 | Lair:1   | Found a runed translucent gate.
 11032 | Lair:1   | Found a runed translucent gate.
 11055 | Lair:1   | Found a runed translucent gate.
 11182 | Lair:1   | Got a polished hand axe
 11185 | Lair:1   | Identified the +5 hand axe of Defence by Offence {vamp,
                  | MR+} (You found it on level 1 of the Lair of Beasts)
 11225 | Lair:1   | Reached skill level 15 in Axes
 11244 | Lair:1   | Noticed feelmyfire's ghost (journeyman HaAr)
 11307 | Lair:1   | Noticed Gastronok
 11328 | Lair:1   | Killed Gastronok
 11671 | Lair:1   | Killed feelmyfire's ghost
 11755 | Lair:2   | Received a gift from Okawaru
 12970 | Lair:3   | Received a gift from Okawaru
 12996 | Lair:3   | Got an encrusted ring mail {god gift}
 13007 | Lair:3   | Identified the +3 ring mail of Hedging {rC+} (Okawaru
                  | gifted it to you on level 3 of the Lair of Beasts)
 13605 | Lair:4   | Reached skill level 16 in Axes
 13621 | Lair:4   | You are sucked into a shaft and drop 1 floor!
 13695 | Lair:5   | Reached XP level 14. HP: 129/129 MP: 20/20
 13702 | Lair:5   | Reached skill level 10 in Invocations
 13823 | Lair:4   | Received a gift from Okawaru
 13890 | Lair:4   | Found a hole to the Spider Nest.
 14177 | Lair:4   | Found a staircase to the Shoals.
 14479 | Lair:5   | Got a jewelled war axe
 14480 | Lair:5   | Identified the +6 war axe of Xarops {protect, Str+4} (You
                  | found it on level 5 of the Lair of Beasts)
 14574 | Lair:5   | Found a staircase to the Slime Pits.
 14791 | Lair:6   | Entered Level 6 of the Lair of Beasts
 14984 | Lair:6   | Received a gift from Okawaru
 15236 | Lair:6   | Received a gift from Okawaru
 15257 | Lair:6   | Got a crystal executioner's axe {god gift}
 15324 | Lair:6   | Reached skill level 17 in Axes
 15429 | Lair:6   | Identified the +5 executioner's axe of the Reaper {chop,
                  | rN++ Int+3} (Okawaru gifted it to you on level 6 of the
                  | Lair of Beasts)
 15605 | Lair:6   | Received a gift from Okawaru
 15608 | Lair:6   | Got a faintly glowing war axe {god gift}
 15610 | Lair:6   | Identified the +4 war axe of Descent {protect, rF+ rC+
                  | Int+3} (Okawaru gifted it to you on level 6 of the Lair of
                  | Beasts)
 15686 | Lair:6   | Identified the Volume of Ignition and Evil Magic
 16279 | Orc:1    | Entered Level 1 of the Orcish Mines
 16338 | Orc:1    | Demolished by an orc warrior

Levels and vault maps discovered:
D:1:      dpeg_arrival_oval, layout_basic, lemuel_old_faithful
D:2:      layout_basic, hangedman_ru_absence
D:3:      layout_loops_cross, gammafunk_temple_overflow_statue, uniq_jessica
D:4:      layout_loops_corners, first_ration, ebering_ghost_sewer_d
D:5:      layout_basic, lemuel_doored_altar, grunt_temple_overflow_open,
          uniq_grinder
D:6:      layout_loops_ring, nemelex_xobeh_ov_fountains_minmay, tgw_trog,
          minmay_temple_entry_gardened_gates, minmay_manual_moon
D:7:      kb_forest_paths, layout_basic, enter_ossuary_3,
          uniq_crazy_yiuf_cottage
D:8:      layout_rooms, demons_altar
D:9:      layout_stronghold, david_lair_generic, blue_anna_alchemist
          [blue_anna_fruit_fields, blue_anna_fruit_fields],
          kennysheep_generic_room_9
D:10:     layout_irregular_city, enter_trove_3, minmay_shop_damaged
D:11:     layout_roguey, uniq_urug
D:12:     layout_basic, orc_0_dummy, basic_altar,
          minmay_fractal_squares_gapless_7, uniq_nessos
Lair:1:   layout_hall_layers, gauntlet_entry_generic, gammafunk_ghost_split,
          grunt_megastairs_2, uniq_gastronok
Lair:2:   lemuel_ratsnest, layout_small_grid
Lair:3:   layout_cave_shapes, minmay_lair_oklob_chamber, lemuel_fruit_tree,
          serial_bayou_shore_a, grunt_megastairs_5, infiniplex_staircase_pool_2
Lair:4:   layout_big_grid, elwin_shoals_entry_rocks, spider_nest_entry_webs,
          lemuel_fruit_fields
Lair:5:   layout_misc_corridors, minmay_slime_entry_pillars
Lair:6:   minmay_lair_end_frog_pond, layout_regular_city, serial_bayou_shore_b,
          lemuel_fruit_fields
Orc:1:    layout_caves, okawaru_metal_pillars_3

Skill      XL: |  1  2  3  4  5  6  7  8  9 10 11 12 13 14 |
---------------+-------------------------------------------+-----
Armour         | 4 5 6 7 8 10 11 12 13 14 | 14.0
Shields        | 4 5 6 7 8 10 11 12 13 14 | 14.0
Axes           | 3 4 5 6 7 9 11 13 14 16 17 | 17.1
Fighting       | 4 5 6 7 8 10 11 12 13 14 | 14.0
Invocations    | 2 4 6 7 8 9 10 | 10.9
Long Blades    | 3 6 8 9 |  9.7

Action                   |  1- 3 |  4- 6 |  7- 9 | 10-12 | 13-15 || total
-------------------------+-------+-------+-------+-------+-------++-------
Melee: War axe           |    77 |   113 |   287 |   599 |   117 ||  1193
       Headbutt          |    14 |    18 |    57 |   151 |   250 ||   490
       Hand axe          |       |       |       |       |   682 ||   682
       Executioner's axe |       |       |       |       |    84 ||    84
Invok: Heroism           |       |       |       |     3 |     3 ||     6
  Use: Scroll            |     6 |     1 |    10 |     8 |     8 ||    33
       Potion            |       |       |       |     2 |       ||     2
 Stab: Invisible         |       |       |     1 |       |       ||     1
       Distracted        |       |       |       |       |     1 ||     1
  Eat: Chunk             |     2 |     5 |    10 |    16 |    18 ||    51
Armor: Scale mail        |    42 |    51 |    71 |   162 |    46 ||   372
       Ring mail         |       |       |       |       |   115 ||   115
Dodge: Dodged            |    24 |    38 |    67 |   144 |   203 ||   476
Block: Shield            |    36 |    79 |   192 |   385 |   457 ||  1149

Table legend:
 A = Non-vault XP
 B = Vault XP
 C = Vault XP percentage of total XP
 D = Non-vault monster count
 E = Vault monster count
 F = Vault count percentage of total count
                 A         B        C        D         E       F
            +---------+---------+-------+---------+---------+-------
      Total |   72466 |   28387 |  28.1 |     467 |     162 |  25.8
            +---------+---------+-------+---------+---------+-------
        D:1 |      30 |       0 |   0.0 |      14 |       0 |   0.0
        D:2 |      54 |       0 |   0.0 |      15 |       0 |   0.0
        D:3 |     217 |      37 |  14.6 |      19 |       1 |   5.0
        D:4 |     295 |      31 |   9.5 |      19 |       2 |   9.5
        D:5 |     514 |     272 |  34.6 |      10 |       1 |   9.1
        D:6 |     980 |     105 |   9.7 |      23 |       8 |  25.8
        D:7 |    1855 |     411 |  18.1 |      38 |       7 |  15.6
        D:8 |    1937 |     123 |   6.0 |      27 |       3 |  10.0
        D:9 |    4115 |     850 |  17.1 |      38 |       5 |  11.6
       D:10 |    1640 |       0 |   0.0 |      20 |       0 |   0.0
       D:11 |    6375 |     811 |  11.3 |      40 |       1 |   2.4
       D:12 |    9293 |    3415 |  26.9 |      33 |       6 |  15.4
     Lair:1 |    3429 |    5065 |  59.6 |      16 |       9 |  36.0
     Lair:2 |    4049 |     745 |  15.5 |      17 |      38 |  69.1
     Lair:3 |    6122 |     353 |   5.5 |      17 |       3 |  15.0
     Lair:4 |    6427 |     211 |   3.2 |      24 |       1 |   4.0
     Lair:5 |    8508 |    1271 |  13.0 |      29 |       6 |  17.1
     Lair:6 |   14663 |   10485 |  41.7 |      48 |      42 |  46.7
      Orc:1 |    1963 |       0 |   0.0 |      20 |       0 |   0.0
    Ossuary |       0 |     484 | 100.0 |       0 |      16 | 100.0
   Gauntlet |       0 |    3718 | 100.0 |       0 |      13 | 100.0
            +---------+---------+-------+---------+---------+-------
